 Dungeon Crawl Stone Soup version 0.23.2-40-g277498a001 (webtiles) character file.

Game seed: 6695172720277260582

1527 Clehvi the Magician (level 8, -5/60 HPs)
             Began as a Mummy Wizard on Oct 20, 2019.
             Was an Initiate of Gozag.
             Shot with an arrow by a centaur (6 damage)
             ... on level 7 of the Dungeon.
             The game lasted 00:48:05 (10614 turns).

Clehvi the Magician (Mummy Wizard)                 Turns: 10614, Time: 00:48:06

Health: -5/60      AC:  3    Str: 10    XL:     8   Next: 55%
Magic:  8/17       EV: 12    Int: 19    God:    Gozag
Gold:   549        SH:  0    Dex: 11    Spells: 9/20 levels left

rFire    x . .     SeeInvis .   b - +0 hunting sling
rCold    + . .     Gourm    .   (no shield)
rNeg     + + +     Faith    .   c - +0 robe
rPois    ∞         Spirit   .   (no helmet)
rElec    .         Reflect  .   (no cloak)
rCorr    .         Harm     .   k - +0 pair of gloves
MR       +....                  (no boots)
Stlth    +++.......             (no amulet)
HPRegen  0.20/turn              w - ring of stealth
MPRegen  0.15/turn              (no ring)

@: no status effects
A: no food or potions, fire vulnerability, cold resistance 1, negative energy
resistance 3, torment resistance, unbreathing
a: Potion Petition, Call Merchant, Bribe Branch, Renounce Religion


You were on level 7 of the Dungeon.
You worshipped Gozag.
Gozag was pleased with you.
You were not hungry.

You visited 2 branches of the dungeon, and saw 10 of its levels.

You collected 627 gold pieces.
You paid 78 gold pieces to Gozag.

Inventory:

Hand Weapons
 a - a +0 short sword
 b - a +0 hunting sling (weapon)
 x - a cursed +0 war axe
Missiles
 d - 11 curare-tipped needles
 e - 4 needles of sleeping
 i - 198 stones
 o - 75 sling bullets (quivered)
 t - 68 arrows
 u - 13 poisoned needles
Armour
 c - a +0 robe (worn)
 f - a +0 hat
 k - a +0 pair of gloves (worn)
 l - a +0 helmet
 m - a +0 ring mail
 n - a +0 leather armour
Jewellery
 w - a ring of stealth (left hand)
Wands
 p - a wand of polymorph (8)
 s - a wand of disintegration (9)
Scrolls
 g - 7 scrolls of identify {unknown}
 h - 3 scrolls of fog {unknown}
 j - 7 scrolls of remove curse {unknown}
 q - 3 scrolls of random uselessness {unknown}
 r - 3 scrolls of enchant armour {unknown}
 v - a scroll of immolation {unknown}


   Skills:
 + Level 4.2 Fighting
 - Level 1.7 Dodging
 - Level 1.5 Stealth
 + Level 6.5 Spellcasting
 + Level 4.0 Conjurations
 - Level 3.0 Summonings
 - Level 3.0 Translocations
 - Level 2.0 Fire Magic
 - Level 2.0 Air Magic
 - Level 2.0 Poison Magic


You had 9 spell levels left.
You knew the following spells:

 Your Spells              Type           Power        Failure   Level  Hunger
a - Magic Dart            Conj           ###.         1%          1    N/A
b - Call Imp              Summ           ###.....     4%          2    N/A
c - Mephitic Cloud        Conj/Pois/Air  ###.....     11%         3    N/A
d - Blink                 Tloc           N/A          4%          2    N/A
e - Conjure Flame         Conj/Fire      ###.....     10%         3    N/A

Your spell library contained the following spells:

 Spells                   Type           Power        Failure   Level  Hunger
 Slow                     Hex            #.......     16%         2    N/A

Dungeon Overview and Level Annotations

Branches:
Dungeon (9/15)             Temple (1/1) D:4
   Lair: D:8-11         Orc: D:9-12

Altars:
Ashenzari
Cheibriados
Dithmenos
Elyvilon
Fedhas
Gozag
Hepliaklqana
Kikubaaqudgha
Makhleb
Nemelex Xobeh
Okawaru
Ru
Sif Muna
Trog
Uskayaw
Vehumet
Wu Jian
Xom
Yredelemnul
Zin
The Shining One

Shops:
D:4 !

Annotations:
D:2 exclusion: 2 downstairs
D:3 exclusion: downstairs, Jessica, Sigmund
D:4 Natasha
D:6 2 transporters, Blork the orc; ruphz's ghost, novice FoHu
D:7 exclusion: hippogriff


Innate Abilities, Weirdness & Mutations

You do not eat or drink.
Your flesh is vulnerable to fire.
You are immune to poison.
Your flesh is cold resistant. (rC+)
You are immune to negative energy. (rN+++)
You are immune to unholy pain and torment.
You can survive without breathing.


Message History

You see here 4 arrows.
The centaur shoots an arrow.
The arrow hits you!
* * * LOW HITPOINT WARNING * * *
Casting: Mephitic Cloud (safe; 11% risk of failure)
Confirm with . or Enter, or press ? or * to list all spells.
You can't see any susceptible monsters within range! (Use Z to cast anyway.)
Casting: Mephitic Cloud (safe; 11% risk of failure)
Confirm with . or Enter, or press ? or * to list all spells.
Okay, then.
You can't go down here!
There isn't anything here!
The centaur shoots an arrow.
The arrow hits you!
* * * LOW HITPOINT WARNING * * *
You see here an arrow.
Unknown command.
The centaur shoots an arrow.
The arrow hits you.
* * * LOW HITPOINT WARNING * * *
The centaur shoots an arrow.
The arrow hits you.
You die...
Your body crumbles into a pile of gold.

####### #.....# ##### #.....#
#...# #.....# #...# #.....# ####
#...# #.....# .....
###...######....@##########.(c...
..........)).....(.(.(.c.(.......
############.....####..####......
#.....# ##.# ..... #.....# #.##
.... #.....# #..# c## #######
##.# # ########.######
#.......).....#


You could see a centaur.

Vanquished Creatures
  An orc warrior (D:7)
  2 ice beasts
  An ogre (D:6)
  A centaur (D:5)
  3 scorpions
  3 wights (D:7)
  A howler monkey (D:4)
  A crimson imp (D:5)
  A quasit (D:5)
  A centaur zombie (D:6)
  3 hounds
  An iron imp (D:5)
  3 worker ants
  Natasha (D:4)
  A hound skeleton (D:4)
  A worker ant zombie (D:5)
  4 gnolls (D:4)
  9 adders
  A howler monkey skeleton (D:7)
  A shadow imp (D:6)
  An adder skeleton (D:5)
  4 dart slugs
  7 leopard geckos
  10 orcs
  2 giant cockroaches
  7 hobgoblins
  4 jackals
  3 quokkas
  7 bats
  3 frilled lizards
  4 goblins
  8 kobolds
  5 rats
105 creatures vanquished.

Vanquished Creatures (collateral kills)
  A phantom (D:6)
  A crimson imp (D:6)
  A bullfrog zombie (D:7)
  2 orc priests
  A hound (D:4)
  2 orc wizards
  2 worker ants
  2 worms
  9 orcs
  3 jackals (D:4)
  A kobold (D:1)
25 creatures vanquished.

Grand Total: 130 creatures vanquished

Notes
Turn   | Place    | Note
-------+----------+-------------------------------------------
     0 | D:1      | Clehvi the Mummy Wizard began the quest for the Orb.
     0 | D:1      | Reached XP level 1. HP: 13/13 MP: 5/5
   297 | D:1      | Reached XP level 2. HP: 19/19 MP: 2/7
   579 | D:1      | Reached skill level 1 in Conjurations
   678 | D:1      | Learned a level 2 spell: Blink
   681 | D:1      | Learned a level 2 spell: Call Imp
  1166 | D:1      | Reached skill level 1 in Translocations
  1274 | D:1      | Reached skill level 1 in Summonings
  1274 | D:1      | Reached XP level 3. HP: 25/25 MP: 6/9
  1321 | D:1      | Learned a level 3 spell: Mephitic Cloud
  1725 | D:3      | Noticed Sigmund
  2487 | D:2      | Reached XP level 4. HP: 29/31 MP: 4/10
  2696 | D:2      | Learned a level 3 spell: Conjure Flame
  3245 | D:2      | Reached skill level 1 in Fighting
  4544 | D:3      | Reached XP level 5. HP: 37/37 MP: 9/12
  4939 | D:3      | Noticed Jessica
  4997 | D:4      | Reached skill level 5 in Spellcasting
  5070 | D:5      | Entered Level 5 of the Dungeon
  5080 | D:5      | Found a snail-covered altar of Cheibriados.
  5233 | D:4      | Found Ajupeg's Distillery.
  5241 | D:4      | Noticed Natasha
  5254 | D:4      | Killed Natasha
  5327 | D:4      | Found a shimmering altar of Xom.
  5379 | D:5      | Noticed a centaur
  5663 | D:4      | Found a staircase to the Ecumenical Temple.
  5669 | Temple   | Entered the Ecumenical Temple
  5911 | D:4      | Found an iron altar of Okawaru.
  5936 | D:4      | Reached XP level 6. HP: 43/43 MP: 2/13
  6368 | D:4      | Noticed Natasha
  6622 | D:4      | Found a deep blue altar of Sif Muna.
  6765 | D:5      | Reached skill level 1 in Fire Magic
  6765 | D:5      | Reached skill level 1 in Poison Magic
  6898 | D:5      | Reached skill level 1 in Air Magic
  7086 | D:5      | Reached XP level 7. HP: 21/50 MP: 3/14
  7703 | D:5      | Found a white marble altar of Elyvilon.
  7954 | D:5      | Found a basalt altar of Yredelemnul.
  7957 | D:5      | Found an opulent altar of Gozag.
  7961 | D:5      | Became a worshipper of Gozag Ym Sagoz the Greedy
  8419 | D:6      | Noticed ruphz's ghost (novice FoHu)
  8420 | D:6      | Found a transporter.
  8426 | D:6      | Identified the +4 great mace of the Imperium {crush, +Inv
                  | Str+3 Dex+2}
  8426 | D:6      | Noticed a two-headed ogre
  8431 | D:6      | Found a transporter.
  9093 | D:6      | Reached XP level 8. HP: 52/57 MP: 2/16
  9647 | D:6      | Noticed Blork the orc
  9784 | D:7      | Noticed a hippogriff
 10042 | D:8      | Noticed a troll
 10083 | D:7      | Reached skill level 6 in Spellcasting
 10614 | D:7      | HP: 1/60 [centaur/arrow (4)]
 10614 | D:7      | Shot with an arrow by a centaur

Skill      XL: |  1  2  3  4  5  6  7  8 |
---------------+-------------------------+-----
Conjurations   | 1 2 3 4 |  4.0
Translocations | 1 2 3 |  3.0
Summonings     | 1 2 3 |  3.0
Fighting       | 1 2 4 |  4.2
Spellcasting   | 5 6 |  6.5
Fire Magic     | 1 2 |  2.0
Poison Magic   | 1 2 |  2.0
Air Magic      | 1 2 |  2.0
Dodging        | |  1.7
Stealth        | |  1.5

Action                   |  1- 3 |  4- 6 |  7- 9 || total
-------------------------+-------+-------+-------++-------
Melee: Short sword       |    19 |       |     2 ||    21
 Fire: Hunting sling     |    10 |    31 |    94 ||   135
 Cast: Magic Dart        |   115 |   140 |   135 ||   390
       Call Imp          |     3 |    10 |    22 ||    35
       Blink             |     1 |     1 |     1 ||     3
       Mephitic Cloud    |       |     7 |     4 ||    11
       Conjure Flame     |       |     6 |    16 ||    22
Armor: Robe              |    21 |    10 |     9 ||    40
Dodge: Dodged            |    65 |    79 |    47 ||   191
